 Dungeon Crawl Stone Soup version 0.25.1-8-g42b30a86e7 (webtiles) character file.

Game seed: 15909800198936370546

900 roke1 the Cleaver (level 8, 0/68 HPs)
             Began as a Hill Orc Gladiator on Dec 20, 2020.
             Was a Follower of Yredelemnul.
             Killed from afar by Maggie (24 damage)
             ... with a bolt of fire
             ... on level 5 of the Dungeon.
             The game lasted 00:10:19 (5764 turns).

roke1 the Cleaver (Hill Orc Gladiator)              Turns: 5764, Time: 00:10:20

Health: 0/68       AC: 10    Str: 18    XL:     8   Next: 7%
Magic:  8/8        EV: 12    Int:  8    God:    Yredelemnul [*.....]
Gold:   169        SH:  0    Dex: 13    Spells: 7/7 levels left

rFire    . . .     SeeInvis .   a - +0 war axe
rCold    . . .     Gourm    .   (no shield)
rNeg     . . .     Faith    .   i - +0 ring mail (curse)
rPois    .         Spirit   .   c - +0 helmet
rElec    .         Reflect  .   s - +0 cloak (curse)
rCorr    .         Harm     .   (no gloves)
MR       .....                  (no boots)
Stlth    ..........             (no amulet)
HPRegen  0.21/turn              (no ring)
MPRegen  0.11/turn              (no ring)

@: mesmerised
A: hooves 1, slimy green scales 1, wild magic 1
a: Animate Remains, Renounce Religion


You were on level 5 of the Dungeon.
You worshipped Yredelemnul.
Yredelemnul was aware of your devotion.
You were not hungry.

You visited 2 branches of the dungeon, and saw 7 of its levels.
You also visited: Sewer.

You collected 169 gold pieces.

Inventory:

Hand Weapons
 a - a +0 war axe (weapon)
 r - a +2 hand axe of electrocution
Missiles
 d - a throwing net (quivered)
Armour
 c - a +0 helmet (worn)
 g - a cursed +0 scale mail
 i - a cursed +0 ring mail (worn)
 s - a cursed +0 cloak (worn)
Jewellery
 u - a cursed amulet of inaccuracy {unknown}
Scrolls
 b - a scroll of blinking
 e - a scroll of fear
 j - a scroll of fog {unknown}
 k - a scroll of enchant armour {unknown}
 l - a scroll of noise {unknown}
 m - a scroll of remove curse {unknown}
 p - a scroll of magic mapping {unknown}
 y - a scroll of teleportation {unknown}
Potions
 h - a potion of flight
 n - 2 potions of lignification
 o - 4 potions of might
 q - 2 potions of mutation
 t - a potion of cancellation
 v - 2 potions of berserk rage
 x - a potion of haste
 z - 2 potions of magic {unknown}
 A - a potion of stabbing {unknown}
Comestibles
 f - 7 rations


   Skills:
 + Level 5.3 Fighting
 * Level 8.6 Axes
 - Level 1.7 Throwing
 + Level 3.8 Armour
 + Level 4.0 Dodging


You had 7 spell levels left.
You didn't know any spells.
Your spell library contained the following spells:

 Spells                   Type           Power        Failure   Level  Hunger
 Sandblast                Erth           #.....       67%         1    ##.....
 Summon Small Mammal      Summ           #...         67%         1    ##.....
 Call Imp                 Summ           #.......     82%         2    ###....
 Passwall                 Tmut/Erth      #.......     82%         2    ###....
 Call Canine Familiar     Summ           #.......     95%         3    ####...
 Stone Arrow              Conj/Erth      #.....       95%         3    ####...
 Summon Guardian Golem    Hex/Summ       #.......     95%         3    ####...
 Petrify                  Tmut/Erth      #.......     100%        4    #####..
 Summon Ice Beast         Ice/Summ       #.......     100%        4    #####..
 Summon Lightning Spire   Summ/Air       #.......     100%        4    #####..
 Lee's Rapid Deconstruct  Erth           #.........   100%        5    ######.


Dungeon Overview and Level Annotations

Branches:
Dungeon (6/15)             Temple (1/1) D:4           Sewer (visited)

Altars:
Cheibriados
Dithmenos
Elyvilon
Kikubaaqudgha
Makhleb
Okawaru
Trog
Uskayaw
Wu Jian
Xom
Yredelemnul
The Shining One

Annotations:
D:5 exclusion: 2 goblins, Maggie


Innate Abilities, Weirdness & Mutations

You have large cloven feet.
You are partially covered in slimy green scales. (AC +2)
Your spells are a little harder to cast, but a little more powerful.


Message History

Aim: Maggie, wielding a +1 broad axe of flaming and wearing +0 steam dragon scales (moderately wounded, mesmerising)
You throw a throwing net. The throwing net closely misses Maggie.
You aren't carrying any items that you can evoke.
Fire/throw which item? (* to show all) (? for menu, Esc to quit)
Throwing (i - inventory)
d - 3 throwing nets (quivered)
Press: ? - help, Shift-Dir - straight line, f/p - Maggie
Aim: Maggie, wielding a +1 broad axe of flaming and wearing +0 steam dragon scales (moderately wounded, mesmerising)
You throw a throwing net. The throwing net closely misses Maggie.
Maggie closely misses you.
Fire/throw which item? (* to show all) (? for menu, Esc to quit)
Throwing (i - inventory)
d - 2 throwing nets (quivered)
Press: ? - help, Shift-Dir - straight line, f/p - Maggie
Aim: Maggie, wielding a +1 broad axe of flaming and wearing +0 steam dragon scales (moderately wounded, mesmerising)
You throw a throwing net. The throwing net hits Maggie.
Maggie is caught in the net!
Maggie is moderately wounded.
Maggie casts a spell at you. The bolt of fire hits you!!
You die...
Your body rises from the dead as a mindless zombie.

.......##.###..........#
....#.....##.......###'###
.##........#.....###.....###
..###...........##.........##
.........#......#..⌠.....⌠..#
.###.......#....#...(.⌠.....#
## #.......#....##._.###._.##
#####.#..........##### #####
#...............@....#
#..............@.....#
#....................#
#...................##
#............(.....##
#..............##.##
#..............####
#........(###### #.........#


You could see Maggie (mesmerising, caught).

Vanquished Creatures
  2 ogres (D:4)
  4 big kobolds (Sewer)
  A scorpion (D:4)
  A hound (D:4)
  An orc priest (D:4)
  An iguana (D:4)
  2 worker ants
  8 adders
  3 river rats
  9 oozes
  7 worms
  4 leopard geckos
  6 orcs
  4 ball pythons
  6 giant cockroaches
  9 goblins
  10 hobgoblins
  6 jackals
  13 kobolds
  2 quokkas
  11 bats
  7 frilled lizards
  A quokka skeleton (D:4)
  13 rats
131 creatures vanquished.

Notes
Turn   | Place    | Note
-------+----------+-------------------------------------------
     0 | D:1      | roke1 the Hill Orc Gladiator began the quest for the Orb.
     0 | D:1      | Reached XP level 1. HP: 18/18 MP: 1/1
   107 | D:1      | Reached XP level 2. HP: 24/25 MP: 2/2
   350 | D:1      | Reached XP level 3. HP: 27/30 MP: 3/3
   513 | D:1      | Reached skill level 5 in Axes
  1337 | D:2      | Found a glowing golden altar of the Shining One.
  1370 | D:2      | Reached XP level 4. HP: 38/38 MP: 4/4
  1764 | D:2      | Reached skill level 1 in Armour
  2362 | D:3      | Reached XP level 5. HP: 39/45 MP: 5/5
  2438 | D:3      | Found a snail-covered altar of Cheibriados.
  2877 | D:4      | Reached skill level 6 in Axes
  3119 | D:4      | Found a staircase to the Ecumenical Temple.
  3126 | D:4      | Reached XP level 6. HP: 51/52 MP: 6/6
  3147 | Temple   | Entered the Ecumenical Temple
  3236 | Temple   | Became a worshipper of Yredelemnul the Dark
  3369 | D:4      | Gained mutation: You have large cloven feet. [potion of
                  | mutation]
  3369 | D:4      | Gained mutation: You are partially covered in slimy green
                  | scales. (AC +2) [potion of mutation]
  3369 | D:4      | Gained mutation: Your spells are a little harder to cast,
                  | but a little more powerful. [potion of mutation]
  3393 | D:4      | HP: 3/78 [poisoned by a scorpion]
  3401 | D:4      | HP: 3/78 [poisoned by a scorpion]
  3909 | D:4      | Reached skill level 7 in Axes
  4086 | D:4      | Reached XP level 7. HP: 54/60 MP: 7/7
  4336 | D:5      | Entered Level 5 of the Dungeon
  4490 | D:5      | Found a glowing drain.
  4520 | Sewer    | Entered a sewer
  4813 | Sewer    | Reached * piety under Yredelemnul
  4948 | Sewer    | Reached skill level 5 in Fighting
  4948 | Sewer    | Reached skill level 8 in Axes
  5172 | Sewer    | Reached XP level 8. HP: 65/68 MP: 8/8
  5522 | D:5      | Found an iron altar of Okawaru.
  5600 | D:5      | Found a burning altar of Makhleb.
  5712 | D:5      | Found a white marble altar of Elyvilon.
  5713 | D:5      | Found a shimmering altar of Xom.
  5741 | D:6      | Noticed Maggie
  5764 | D:5      | Killed from afar by Maggie

Illustrated notes

Levels and vault maps discovered:
D:1:      tarquinn_simple_flora_water_e, layout_basic
D:2:      layout_loops_ring, nicolae_tso_swordbearing_angel,
          grunt_ministairs_14, kennysheep_generic_room_14
D:3:      layout_loops_ring, cheibriados_altar_1
D:4:      layout_basic, temple_statues
D:5:      layout_rooms, kennysheep_mini, kennysheep_okawaru_gauntlet,
          gammafunk_temple_overflow_pools, gup_sewer_entry_bubbles,
          nicolae_ossuary_entry_false_entrances, first_ration
D:6:      layout_gridville, old_standard_altar, zin_academy,
          kennysheep_mini_moat, grunt_qazlal_sundering, trog_book, uniq_maggie
Temple:   minmay_temple_curvy_loop

Skill      XL: |  1  2  3  4  5  6  7 |
---------------+----------------------+-----
Fighting       | 3 4 5 |  5.3
Axes           | 5 6 7 8 |  8.6
Armour         | 1 2 3 |  3.8
Dodging        | 3 4 |  4.0
Throwing       | |  1.7

Action                   |  1- 3 |  4- 6 |  7- 9 || total
-------------------------+-------+-------+-------++-------
Melee: War axe           |    90 |   184 |   173 ||   447
       Hand axe          |       |     5 |       ||     5
       Kick              |       |     8 |    32 ||    40
Throw: Throwing net      |       |       |     3 ||     3
  Use: Scroll            |       |     4 |     3 ||     7
       Potion            |       |     2 |       ||     2
 Stab: Sleeping          |     1 |       |       ||     1
  Eat: Chunk             |     2 |     6 |     5 ||    13
       Ration            |       |     1 |       ||     1
Armor: Leather armour    |    42 |       |       ||    42
       Ring mail         |       |    71 |    50 ||   121
       Skin              |       |     3 |       ||     3
Dodge: Dodged            |    65 |   124 |   103 ||   292
